[Event "ICC Open 2015"]
[Site "Internet Chess Club"]
[Date "2015.05.30"]
[Round "6"]
[White "Colombiano07"]
[Black "ivancele"]
[Result "1-0"]
[ICCResult "Black forfeits on time"]
[WhiteElo "1864"]
[BlackElo "1656"]
[Opening "Pirc: classical (two knights) system"]
[ECO "B08"]
[NIC "QP.11"]
[Time "15:05:13"]
[TimeControl "180+0"]

1. Nf3 d6 2. e4 Nf6 3. Nc3 g6 4. d4 c6 5. a4 a5 6. h3 Bg7 7. Be3 Qc7 8. Qd2
e5 9. Bh6 O-O 10. g4 Nbd7 11. Bxg7 Kxg7 12. Bd3 b6 13. g5 Nh5 14. Ne2 Ba6
15. Bxa6 Rxa6 16. Ng3 Nf4 17. h4 b5 18. h5 Nb6 19. axb5 cxb5 20. Rxa5 Nc4
21. Qc3 Rxa5 22. O-O Ra2 23. b3 Ra3 24. Qb4 Qa5 25. Qxa5 Nxa5 26. h6+ Kg8
27. dxe5 dxe5 28. Nxe5 Re8 29. Ng4 Re6 30. Rd1 Nc6 31. Nf6+ Kh8 32. Rd7 Re7
33. Rd6 Ra6 34. Nd5 Nxd5 35. exd5 Rc7 36. dxc6 Ra8 37. Ne4 Kg8 38. Nf6+
{Black forfeits on time}
1-0

[Event "ICC Open 2015"]
[Site "Internet Chess Club"]
[Date "2015.05.30"]
[Round "6"]
[White "BlackHorse96"]
[Black "Darnoc"]
[Result "1/2-1/2"]
[ICCResult "Game drawn by repetition"]
[WhiteElo "3280"]
[BlackElo "3015"]
[Opening "Queen's pawn: Chigorin variation"]
[ECO "D00"]
[NIC "QP.08"]
[Time "15:04:18"]
[TimeControl "180+0"]

1. d4 d5 2. Nc3 Nf6 3. Bf4 e6 4. Nb5 Na6 5. e3 Be7 6. h3 O-O 7. Nf3 c5 8. c3
Bd7 9. a4 c4 10. Ne5 Bxb5 11. axb5 Nc7 12. Qa4 Qe8 13. Nxc4 dxc4 14. Bxc7 a6
15. Bxc4 axb5 16. Qxa8 Qxa8 17. Rxa8 Rxa8 18. Be2 Ra1+ 19. Bd1 Nd5 20. Bg3
Rb1 21. Kd2 Rxb2+ 22. Kd3 b4 23. cxb4 Nxb4+ 24. Kc3 Rb1 25. Rf1 Nd5+ 26. Kc2
Ra1 27. Kb2 Ra6 28. Bf3 Rb6+ 29. Kc2 Rc6+ 30. Kb2 f5 31. Bxd5 exd5 32. Ra1
Ra6 33. Rxa6 bxa6 34. Kb3 a5 35. Ka4 Bb4 36. Kb5 Kf7 37. f3 Ke6 38. h4 Bd2
39. Bf4 h5 40. Bg5 Bb4 41. Bf4 g6 42. g3 Be1 43. Ka4 Ke7 44. Kb5 Kd7 45. Be5
Bb4 46. Bf4 Ke6 47. Ka4 Bd2 48. Kb5 Kd7 49. Bg5 Bb4 50. Bf4 Be1 51. Be5 Ke7
52. Bf4 Kf7 53. Ka4 Ke6 54. Kb5 Bd2 55. Bg5 Kd7 56. Bf4 Be1
{Game drawn by repetition}
1/2-1/2

[Event "ICC Open 2015"]
[Site "Internet Chess Club"]
[Date "2015.05.30"]
[Round "6"]
[White "Massarioli"]
[Black "Redbaron"]
[Result "1/2-1/2"]
[ICCResult "Game drawn because neither player has mating material"]
[WhiteElo "2166"]
[BlackElo "2508"]
[Opening "Queen's Indian: Nimzovich variation (exaggerated fianchetto)"]
[ECO "E15"]
[NIC "QI.05"]
[Time "15:04:09"]
[TimeControl "180+0"]

1. d4 Nf6 2. c4 e6 3. Nf3 b6 4. g3 Ba6 5. b3 b5 6. cxb5 Bxb5 7. Bg2 Bc6 8.
O-O a5 9. Nc3 Qc8 10. Ne5 Bxg2 11. Kxg2 Qb7+ 12. Kg1 d6 13. Nf3 Be7 14. Qd3
O-O 15. Bd2 Na6 16. Qb5 Rfb8 17. Qxb7 Rxb7 18. Rac1 c5 19. dxc5 Nxc5 20. Be3
h6 21. Bxc5 dxc5 22. Na4 Rc8 23. Nd2 Nd5 24. Nc4 Ra7 25. Rfd1 f5 26. Ncb6
Nxb6 27. Nxb6 Rc6 28. Na4 Rac7 29. Rc4 Kf7 30. f4 g5 31. e3 gxf4 32. exf4
Bf6 33. Kg2 Ke7 34. Nc3 Bxc3 35. Rxc3 Rd6 36. Rdc1 Rd2+ 37. Kh3 Rxa2 38.
Rxc5 Rb7 39. Rc7+ Rxc7 40. Rxc7+ Kd6 41. Ra7 Kc5 42. Ra6 Kd5 43. b4 a4 44.
b5 Kc5 45. b6 Kc6 46. b7+ Kxb7 47. Rxe6 a3 48. Rxh6 Rb2 49. Rh7+ Kb6 50. Rh8
a2 51. Ra8 Kb7 52. Ra3 Kb6 53. Kh4 Kb5 54. Kg5 Rxh2 55. Kxf5 Kb4 56. Ra8 Kb3
57. g4 Rh1 58. g5 a1=Q 59. Rxa1 Rxa1 60. g6 Ra7 61. Kf6 Kc4 62. g7 Ra8 63.
Kf7 Ra7+ 64. Kg6 Ra6+ 65. Kg5 Ra1 66. Kf6 Rg1 67. Kf7 Kd5 68. f5 Ke5 69.
g8=Q Rxg8 70. Kxg8 Kxf5 {Game drawn because neither player has mating
material} 1/2-1/2

[Event "ICC Open 2015"]
[Site "Internet Chess Club"]
[Date "2015.05.30"]
[Round "6"]
[White "nadalthegreat"]
[Black "muhit"]
[Result "0-1"]
[ICCResult "White forfeits on time"]
[WhiteElo "1716"]
[BlackElo "2018"]
[Opening "Scotch game"]
[ECO "C45"]
[NIC "SO.05"]
[Time "15:04:24"]
[TimeControl "180+0"]

1. e4 e5 2. Nf3 Nc6 3. d4 exd4 4. Nxd4 Bc5 5. Be3 Bb6 6. Nc3 Nf6 7. Bc4 O-O
8. O-O Nxe4 9. Nxe4 d5 10. Nxc6 bxc6 11. Bd3 Bxe3 12. fxe3 dxe4 13. Bxe4 Qe8
14. Qf3 Bd7 15. Rad1 Rb8 16. b3 Rb6 17. Rd2 c5 18. Rfd1 Be6 19. Qf4 Qe7 20.
Qg3 c4 21. bxc4 Bxc4 22. Bd3 Bxa2 23. Ra1 Rb2 24. Qh3 g6 25. Rf2 a5 26. Raf1
Be6 27. Qg3 a4 28. Qe5 a3 29. Qa5 Qd6 30. Qc3 Rfb8 31. Bc4 a2 32. Bxe6 Qxe6
33. Qxc7 Rb1 34. c4 Rxf1+ 35. Rxf1 Qxe3+ 36. Kh1 Qe8 37. Rd1 Rb1 38. Qd7
Rxd1+ {White forfeits on time} 0-1

[Event "ICC Open 2015"]
[Site "Internet Chess Club"]
[Date "2015.05.30"]
[Round "6"]
[White "GulkovIgor"]
[Black "Bartof"]
[Result "0-1"]
[ICCResult "White forfeits on time"]
[WhiteElo "2324"]
[BlackElo "2009"]
[Opening "English opening"]
[ECO "A05"]
[NIC "QP.11"]
[Time "15:03:52"]
[TimeControl "180+0"]

1. Nf3 Nf6 2. c4 g6 3. Nc3 c5 4. e4 d6 5. d4 Bg4 6. dxc5 Bxf3 7. gxf3 dxc5
8. Qxd8+ Kxd8 9. e5 Nfd7 10. f4 Bh6 11. Bg2 Kc8 12. Nd5 Re8 13. Be3 Nc6 14.
O-O-O Nb6 15. Bxc5 Nxc4 16. Kc2 e6 17. Ne3 Nb6 18. Bxb6 axb6 19. Nc4 Kc7 20.
Nd6 Re7 21. Nb5+ Kc8 22. Nd6+ Kb8 23. Bxc6 bxc6 24. Rd4 Rxa2 25. Nc4 Ra6 26.
Rhd1 Kc7 27. Kb3 c5 28. Re4 b5 29. Nd6 Kc6 30. Nc8 Rd7 31. Rd6+ Rxd6 32.
Nxd6 Ra7 33. Kc2 f5 34. Re2 Bxf4 35. h3 Bxe5 36. Nxb5 Kxb5 37. Rxe5 Ra6 38.
Kc3 h6 39. b3 g5 40. f3 Rd6 41. Kc2 Kc6 42. Kc3 h5 43. Kc2 h4 44. Kc3 Kb5
45. b4 Rd5 46. Rxe6 cxb4+ 47. Kc2 Rc5+ 48. Kb2 Rc3 49. Re5+ Ka4 50. Rxf5 Re3
51. Rxg5 Rxf3 52. Rg8 Rf2+ 53. Kc1 Rf1+ 54. Kc2 Rf2+ 55. Kc1 Rf3 56. Kc2
Rf2+ 57. Kc1 Rh2 {White forfeits on time} 0-1

[Event "ICC Open 2015"]
[Site "Internet Chess Club"]
[Date "2015.05.30"]
[Round "6"]
[White "legatus"]
[Black "Kseroks"]
[Result "0-1"]
[ICCResult "White checkmated"]
[WhiteElo "2317"]
[BlackElo "2783"]
[Opening "Philidor's defense"]
[ECO "C41"]
[NIC "KP.10"]
[Time "15:04:11"]
[TimeControl "180+0"]

1. e4 e5 2. Nf3 d6 3. Bc4 Nf6 4. d3 Be7 5. c3 c6 6. Bb3 O-O 7. Nbd2 Be6 8.
Bc2 Nbd7 9. Nf1 d5 10. Ng3 dxe4 11. dxe4 Bc4 12. Bd3 Bxd3 13. Qxd3 Nc5 14.
Qe2 Nd3+ 15. Kf1 Bc5 16. Be3 Bxe3 17. fxe3 Nc5 18. Qc2 Qb6 19. h3 Rad8 20.
Kf2 Nd3+ 21. Kg1 Qxe3+ 22. Kh2 Nxe4 23. Nxe4 Qxe4 24. Rhf1 Nc5 25. Qxe4 Nxe4
26. Rae1 Nd2 27. Rf2 Nxf3+ 28. Rxf3 f6 29. Rf2 Rd7 30. Ree2 Rfd8 31. g4 h6
32. Kg3 Rd3+ 33. Kg2 R8d6 34. Rc2 c5 35. Rce2 c4 36. Rc2 b5 37. Rce2 a5 38.
Rc2 a4 39. Rce2 a3 40. Rc2 axb2 41. Rxb2 R6d5 42. Rfc2 Kf7 43. a4 bxa4 44.
Rb7+ Kg6 45. Rb4 Rd2+ 46. Rxd2 Rxd2+ 47. Kf3 Rd3+ 48. Ke4 Rxc3 49. Rxa4 Rxh3
50. Rxc4 Rg3 51. Rc8 Rxg4+ 52. Kf3 Rf4+ 53. Kg3 h5 54. Rc6 h4+ 55. Kg2 Kg5
56. Rc3 g6 57. Rc7 Rg4+ 58. Kh3 Rg3+ 59. Kh2 f5 60. Rc1 e4 61. Rc8 Rd3 62.
Re8 e3 63. Kg1 f4 64. Kf1 Rd2 65. Re5+ Kg4 66. Re6 g5 67. Re4 Kf3 68. Ra4
Rd1# {White checkmated} 0-1

[Event "ICC Open 2015"]
[Site "Internet Chess Club"]
[Date "2015.05.30"]
[Round "6"]
[White "Swedchamp"]
[Black "Lightlike"]
[Result "1-0"]
[ICCResult "Black checkmated"]
[WhiteElo "2463"]
[BlackElo "2643"]
[Opening "French defense, Steiner variation"]
[ECO "C00"]
[NIC "FR.01"]
[Time "15:04:02"]
[TimeControl "180+0"]

1. e4 e6 2. c4 d5 3. cxd5 exd5 4. Qb3 Nf6 5. e5 Ne4 6. Nc3 Nxc3 7. dxc3 Be7
8. Nf3 O-O 9. Bd3 c5 10. Qc2 h6 11. Bf4 Nc6 12. O-O-O Be6 13. Kb1 Rc8 14. h3
Qa5 15. Bf5 d4 16. Bxe6 fxe6 17. Bd2 Qa6 18. Qg6 Rf7 19. Qxe6 Rf8 20. Qg4
dxc3 21. Bxc3 Nb4 22. a3 Rf4 23. Qd7 Nc6 24. Qe6+ Kh8 25. Rd7 R8f7 26. Nh4
Nd8 27. Ng6+ Kh7 28. Qxa6 bxa6 29. Nxf4 Rxf4 30. Rxe7 Nc6 31. Rc7 Nd8 32.
Rxa7 Rxf2 33. Rd7 Ne6 34. Re7 Nf4 35. e6 Kg6 36. Rxg7+ Kf5 37. e7 Re2 38.
Rf7+ Kg5 39. h4+ Kg4 40. Bf6 Nd5 41. Rf1 Kg3 42. Rf8 Kxg2 43. e8=Q Rxe8 44.
Rxe8 Kxf1 45. Bg7 Nf4 46. Bxh6 Nd3 47. h5 Ne1 48. Bf4 Ng2 49. h6 Nxf4 50. h7
Nd3 51. h8=Q Kf2 52. Qf8+ Nf4 53. Qf7 Kg2 54. Rg8+ Kh3 55. Qxf4 c4 56. Qg3#
{Black checkmated}
1-0

[Event "ICC Open 2015"]
[Site "Internet Chess Club"]
[Date "2015.05.30"]
[Round "6"]
[White "Linkmus"]
[Black "MTurov"]
[Result "0-1"]
[ICCResult "White checkmated"]
[WhiteElo "2732"]
[BlackElo "3035"]
[Opening "Nimzo-Indian: classical variation"]
[ECO "E32"]
[NIC "NI.24"]
[Time "15:04:00"]
[TimeControl "180+0"]

1. d4 Nf6 2. c4 e6 3. Nc3 Bb4 4. Qc2 O-O 5. Nf3 c5 6. dxc5 Na6 7. g3 Nxc5 8.
Bg2 Nce4 9. O-O Bxc3 10. bxc3 b6 11. Ng5 d5 12. Nxe4 dxe4 13. Bg5 Bb7 14.
Rfd1 Qe7 15. Bxe4 Bxe4 16. Qxe4 Nxe4 17. Bxe7 Rfc8 18. Rd4 Nxc3 19. Kf1 e5
20. Rh4 Re8 21. Bb4 Na4 22. Re4 Rac8 23. Rd1 a5 24. Be1 f6 25. f4 Nc5 26.
Re3 Kf7 27. Bf2 exf4 28. Rxe8 Rxe8 29. gxf4 Re4 30. Rd4 Rxd4 31. Bxd4 Ke6
32. Kf2 Kf5 33. Kf3 g5 34. fxg5 fxg5 35. h3 h5 36. Kg3 Ne4+ 37. Kg2 Nd2 38.
Bxb6 Nxc4 39. Bd8 a4 40. Kf3 g4+ 41. hxg4+ hxg4+ 42. Kg3 Ne3 43. Be7 Nd5 44.
e4+ Kxe4 45. Bc5 Kf5 46. a3 Nc3 47. Kg2 Ne4 48. Be7 Ke6 49. Bf8 Kd5 50. Be7
Kd4 51. Bf8 Kc3 52. Be7 Kd3 53. Bf8 Ke3 54. Be7 Kf4 55. Bf8 g3 56. Bb4 Kg4
57. Be1 Kf4 58. Bb4 Ke3 59. Be1 Kf4 60. Bb4 Ke5 61. Be1 Kd4 62. Kf3 Nd6 63.
Bxg3 Nc4 64. Bf2+ Kd5 65. Ke2 Nxa3 66. Kd1 Nb5 67. Kc1 Kc4 68. Kb1 Kb3 69.
Ka1 a3 70. Bh4 a2 71. Bf6 Na3 72. Bh8 Nc2# {White checkmated} 0-1

[Event "ICC Open 2015"]
[Site "Internet Chess Club"]
[Date "2015.05.30"]
[Round "6"]
[White "la8pv"]
[Black "patzenfeet"]
[Result "0-1"]
[ICCResult "White forfeits on time"]
[WhiteElo "1800"]
[BlackElo "1590"]
[Opening "Van't Kruijs opening"]
[ECO "A00"]
[NIC "EO.29"]
[Time "15:03:54"]
[TimeControl "180+0"]

1. e3 c5 2. c4 Nc6 3. Nc3 g6 4. g3 Bg7 5. Bg2 d6 6. Nge2 e5 7. O-O Be6 8. b3
Qd7 9. Bb2 Bh3 10. f4 h5 11. Nd5 O-O-O 12. b4 h4 13. Qe1 Nxb4 14. Nxb4 cxb4
15. fxe5 Bxg2 16. Kxg2 Qc6+ 17. Rf3 Bxe5 18. Nd4 Qd7 19. Rc1 hxg3 20. Rxg3
Bxg3 21. Qxg3 Nh6 22. c5 d5 23. c6 Qg4 24. cxb7+ Kxb7 25. Rc7+ Kb6 26. Rc6+
Kb7 27. Rc7+ Kb6 28. Qxg4 Nxg4 29. Rxf7 Nxh2 30. Nb3 Ng4 31. Bd4+ Kb5 32.
Rb7+ Kc4 33. Kf1 Kd3 34. Nc5+ Kc2 35. Rc7 Kxd2 36. Nb3+ Kd3 37. Nc1+ Ke4 38.
Re7+ Kf5 39. Ne2 Nxe3+ 40. Rxe3 Kg5 41. Ng3 Kf4 42. Kf2 Rh2+ 43. Kf1 Rh1+
44. Kf2 Rh2+ 45. Kf1 Rd2 46. Ne2+ Rxe2 47. Rf3+ Kxf3 48. Be3 Rxe3 49. a3 Kf4
50. Kg1 Kf5 51. Kh1 Kf4 52. Kg1 Ke4 {White forfeits on time} 0-1

[Event "ICC Open 2015"]
[Site "Internet Chess Club"]
[Date "2015.05.30"]
[Round "6"]
[White "perronegro"]
[Black "Turlock"]
[Result "0-1"]
[ICCResult "White checkmated"]
[WhiteElo "1602"]
[BlackElo "1824"]
[Opening "Caro-Kann defense"]
[ECO "B10"]
[NIC "CK.01"]
[Time "15:03:59"]
[TimeControl "180+0"]

1. e4 c6 2. Nf3 d5 3. exd5 cxd5 4. d4 Nf6 5. Bd3 Bg4 6. O-O e6 7. h3 Bh5 8.
Bg5 Nc6 9. c3 Be7 10. Nbd2 O-O 11. g4 Bg6 12. Nb3 a6 13. Nh2 b5 14. f4 Bxd3
15. Qxd3 Ne4 16. Bxe7 Qxe7 17. Nf3 f6 18. Rae1 Rfd8 19. Nbd2 f5 20. g5 Rdc8
21. Kh2 Qc7 22. Ne5 Nxe5 23. fxe5 g6 24. Rg1 Nxd2 25. Qxd2 Qc4 26. a3 Rab8
27. Rg2 a5 28. h4 b4 29. h5 bxc3 30. bxc3 Qxc3 31. Qf2 Rc4 32. hxg6 hxg6 33.
Re3 Qxd4 34. Qg3 Qh4+ 35. Qxh4 Rxh4+ 36. Kg3 Rg4+ 37. Kf3 Rxg2 38. Kxg2 Kf7
39. Rc3 Rb7 40. Kf3 a4 41. Kf4 Ke7 42. Rc6 Kd7 43. Rd6+ Ke7 44. Rc6 Rd7 45.
Ra6 d4 46. Rxa4 d3 47. Ke3 d2 48. Ra7 d1=Q 49. Rxd7+ Qxd7 50. a4 Qd5 51. a5
Qxa5 52. Kd4 Qd5+ 53. Kc3 Qxe5+ 54. Kb4 Qe4+ 55. Kb5 Qd5+ 56. Kb4 f4 57. Kc3
f3 58. Kb4 f2 59. Kc3 f1=Q 60. Kb4 Qf4+ 61. Kc3 Qdf3+ 62. Kc2 Q3g3 63. Kd1
Qff2 64. Kc1 Qgg1# {White checkmated} 0-1

[Event "ICC Open 2015"]
[Site "Internet Chess Club"]
[Date "2015.05.30"]
[Round "6"]
[White "garompon"]
[Black "Jack-Daniels"]
[Result "1-0"]
[ICCResult "Black resigns"]
[WhiteElo "2584"]
[BlackElo "2881"]
[Opening "Scotch: Göring gambit"]
[ECO "C44"]
[NIC "SO.06"]
[Time "15:04:07"]
[TimeControl "180+0"]

1. e4 e5 2. Nf3 Nc6 3. d4 exd4 4. c3 d5 5. exd5 Qxd5 6. cxd4 Bg4 7. Be2 Bb4+
8. Nc3 Nge7 9. O-O Qa5 10. a3 O-O-O 11. Qb3 Be6 12. Qc2 Nd5 13. Bd2 Bxc3 14.
bxc3 Nf6 15. c4 Bf5 16. Qa2 Qa4 17. d5 Ne7 18. Nd4 c5 19. Nb5 Qc2 20. Qxc2
Bxc2 21. Bf4 a6 22. Nd6+ Rxd6 23. Bxd6 Re8 24. Bxc5 Nexd5 25. cxd5 Rxe2 26.
d6 Kd7 27. Rfe1 Re6 28. Rxe6 fxe6 29. Rc1 Ba4 30. Bd4 Ne8 31. Be5 Bc6 32. f4
g6 33. g3 b5 34. Kf2 Nxd6 35. Bxd6 Kxd6 36. Ke3 a5 37. Kd4 Bd5 38. Rc5 Bc6
39. h4 Bd7 40. h5 Bc6 41. h6 b4 42. Rxa5 b3 43. Kc3 Bd5 44. Rxd5+ exd5 45.
Kxb3 Kc5 46. Kc3 d4+ 47. Kd3 Kd5 48. g4 Kc5 49. a4 {Black resigns} 1-0

[Event "ICC Open 2015"]
[Site "Internet Chess Club"]
[Date "2015.05.30"]
[Round "6"]
[White "kaspinha"]
[Black "EndgamesMaster"]
[Result "1-0"]
[ICCResult "Black forfeits on time"]
[WhiteElo "2318"]
[BlackElo "1713"]
[Opening "Petrov: modern attack, Symmetrical variation"]
[ECO "C43"]
[NIC "RG.02"]
[Time "15:03:19"]
[TimeControl "180+0"]

1. e4 e5 2. Nf3 Nf6 3. d4 Nxe4 4. Bd3 d5 5. Nxe5 Bd6 6. O-O O-O 7. Qh5 g6 8.
Qh6 Re8 9. Nc3 Bxe5 10. dxe5 Rxe5 11. Bxe4 dxe4 12. Rd1 Qe7 13. Qf4 Nc6 14.
Be3 Bf5 15. Nd5 Qd6 16. Nb6 axb6 17. Rxd6 cxd6 18. Rd1 Rxa2 19. g4 Be6 20.
Rxd6 Rxb2 21. Rxc6 bxc6 22. Qxe5 Rb1+ 23. Kg2 Bxg4 24. Qe8+ Kg7 25. Bd4+ Kh6
26. f4 {Black forfeits on time} 1-0

[Event "ICC Open 2015"]
[Site "Internet Chess Club"]
[Date "2015.05.30"]
[Round "6"]
[White "psilocybin"]
[Black "WhitsellF"]
[Result "0-1"]
[ICCResult "White resigns"]
[WhiteElo "1360"]
[BlackElo "1559"]
[Opening "Dutch"]
[ECO "A80"]
[NIC "HD.12"]
[Time "15:04:11"]
[TimeControl "180+0"]

1. d4 f5 2. Nc3 Nf6 3. Bg5 Nc6 4. d5 Ne5 5. Nf3 Nxf3+ 6. exf3 g6 7. Qd2 Bg7
8. O-O-O d6 9. h4 h6 10. Be3 a6 11. a4 e5 12. dxe6 Bxe6 13. Bd3 O-O 14. Bxh6
b5 15. Rde1 Bf7 16. Bg5 b4 17. Ne2 c5 18. Nf4 c4 19. Bf1 Qa5 20. Qxd6 Rfd8
21. Qc6 Rac8 22. Qb7 Qxa4 23. Kb1 b3 24. cxb3 cxb3 25. Qxa6 Qxa6 26. Bxa6
Rc2 27. Re2 Rc6 28. Bb5 Rc5 29. Bd3 Ra8 30. Ne6 Rca5 31. Kc1 Ra1+ 32. Bb1
Nd5 33. Nxg7 Kxg7 34. Bf4 Nxf4 35. Rd2 Bc4 36. Rd7+ Kh6 37. Kd2 {White
resigns} 0-1

[Event "ICC Open 2015"]
[Site "Internet Chess Club"]
[Date "2015.05.30"]
[Round "6"]
[White "Ricardov"]
[Black "Favarin"]
[Result "1-0"]
[ICCResult "Black forfeits on time"]
[WhiteElo "2323"]
[BlackElo "1940"]
[Opening "Trompowsky attack (Ruth, Opocenský opening)"]
[ECO "A45"]
[NIC "QP.07"]
[Time "15:03:47"]
[TimeControl "180+0"]

1. d4 Nf6 2. Bg5 g6 3. Bxf6 exf6 4. g3 Bg7 5. Bg2 O-O 6. c4 c6 7. Nc3 d6 8.
e3 Bf5 9. Nge2 Na6 10. Qb3 Qb6 11. Qxb6 axb6 12. e4 Bd7 13. Kd2 f5 14. a3
Rad8 15. exf5 Bxf5 16. b4 Rfe8 17. Rae1 Ra8 18. d5 Nb8 19. a4 c5 20. b5 Nd7
21. f4 Re7 22. h3 Nf6 23. Nc1 Rae8 24. Rxe7 Rxe7 25. Nd3 Kf8 26. g4 Ne4+ 27.
Nxe4 Bxe4 28. Bxe4 Rxe4 29. Rc1 Bd4 30. Re1 Rxe1 31. Nxe1 Ke7 32. Kd3 f5 33.
g5 Kf7 34. Nf3 Bg7 35. Nd2 Ke7 36. Nb3 Kd7 37. a5 Kc7 38. a6 bxa6 39. bxa6
Bb2 40. Nd2 Bg7 41. Nf3 Kb8 42. h4 Ka7 43. h5 Kxa6 44. Nh4 gxh5 45. Nxf5 Bf8
46. Nh4 {Black forfeits on time} 1-0

[Event "ICC Open 2015"]
[Site "Internet Chess Club"]
[Date "2015.05.30"]
[Round "6"]
[White "Ramanip15"]
[Black "bigali"]
[Result "1-0"]
[ICCResult "Black forfeits on time"]
[WhiteElo "1832"]
[BlackElo "1658"]
[Opening "KP: Colorado counter"]
[ECO "B00"]
[NIC "VO.05"]
[Time "15:04:02"]
[TimeControl "180+0"]

1. e4 Nc6 2. Nf3 f5 3. exf5 d5 4. d4 Bxf5 5. Bd3 Bxd3 6. Qxd3 Nf6 7. Bf4 e6
8. O-O Qd7 9. Re1 O-O-O 10. c3 Bd6 11. Ne5 Bxe5 12. Bxe5 Nxe5 13. Rxe5 h6
14. Nd2 Rhf8 15. h3 Qf7 16. Rae1 g5 17. Rxe6 Ne4 18. R6xe4 Qxf2+ 19. Kh2
dxe4 20. Rxe4 Rde8 21. Rxe8+ Rxe8 22. Nf3 Kb8 23. Qh7 a6 24. Qxh6 Re2 25.
Qxg5 Qxf3 26. h4 Ka7 27. Qc5+ Kb8 28. Qg5 b6 29. h5 Kb7 30. h6 Qf8 31. h7
Qh8 32. Qd5+ Ka7 33. Qf5 Re8 34. Qg6 Rd8 35. Qh6 Rf8 36. g4 Rf2+ 37. Kg3 Rf8
38. g5 Rf7 39. g6 Rg7 40. Kh4 Rd7 41. Kh5 Rg7 42. Qg5 Kb8 43. Kh6
{Black forfeits on time}
1-0

[Event "ICC Open 2015"]
[Site "Internet Chess Club"]
[Date "2015.05.30"]
[Round "6"]
[White "Ernani"]
[Black "chesswooog"]
[Result "1-0"]
[ICCResult "Black resigns"]
[WhiteElo "2678"]
[BlackElo "2119"]
[Opening "English: Neo-Catalan declined"]
[ECO "E06"]
[NIC "RE.11"]
[Time "15:07:14"]
[TimeControl "180+0"]

1. Nf3 Nf6 2. c4 e6 3. g3 d5 4. Bg2 Be7 5. O-O O-O 6. d4 Ne4 7. Nbd2 f5 8.
Ne5 c6 9. Ndf3 Nd7 10. Qc2 Bd6 11. Nd3 a5 12. Bf4 Bxf4 13. Nxf4 Qe7 14. Nd3
Nb6 15. c5 Nd7 16. Nfe5 Nxe5 17. Nxe5 Bd7 18. f3 Nf6 19. Rab1 Be8 20. b4
axb4 21. Rxb4 Bd7 22. Rxb7 Rfb8 23. Nxc6 {Black resigns} 1-0

[Event "ICC Open 2015"]
[Site "Internet Chess Club"]
[Date "2015.05.30"]
[Round "6"]
[White "Smokie"]
[Black "suilven"]
[Result "0-1"]
[ICCResult "White forfeits on time"]
[WhiteElo "1426"]
[BlackElo "1846"]
[Opening "English: Bremen, reverse dragon"]
[ECO "A22"]
[NIC "EO.10"]
[Time "15:03:55"]
[TimeControl "180+0"]

1. c4 e5 2. Nc3 Nf6 3. g3 d5 4. cxd5 Nxd5 5. Bg2 c6 6. Nf3 Qc7 7. Qb3 Nxc3
8. Qxc3 Bd6 9. d3 Na6 10. a3 O-O 11. O-O Re8 12. b4 Nb8 13. Bb2 Bg4 14. h3
Bxf3 15. Bxf3 Nd7 16. Rac1 Nb6 17. b5 Na4 18. Qb3 Nxb2 19. Qxb2 Rab8 20.
bxc6 bxc6 21. Qc3 c5 22. Rb1 a5 23. Rxb8 Rxb8 24. Rc1 Qd7 25. e4 Qxh3 26.
Qxa5 Qe6 27. Qa7 h6 28. Kg2 Rb3 29. Rd1 Rb2 30. Bh5 g6 31. Qa8+ Kg7 32. Bf3
c4 33. dxc4 Bc5 34. Rd5 Rxf2+ {White forfeits on time} 0-1

[Event "ICC Open 2015"]
[Site "Internet Chess Club"]
[Date "2015.05.30"]
[Round "6"]
[White "outubro2"]
[Black "beaupre"]
[Result "1/2-1/2"]
[ICCResult "Game drawn because neither player has mating material"]
[WhiteElo "1668"]
[BlackElo "1822"]
[Opening "Queen's pawn game"]
[ECO "A46"]
[NIC "QP.06"]
[Time "15:04:14"]
[TimeControl "180+0"]

1. d4 Nf6 2. Nf3 e6 3. g3 Be7 4. Bg2 c5 5. c3 Nc6 6. O-O O-O 7. Nbd2 b5 8.
e4 cxd4 9. Nxd4 Nxd4 10. cxd4 Rb8 11. e5 Nd5 12. Bxd5 exd5 13. Nb3 d6 14.
Bf4 dxe5 15. Bxe5 Rb6 16. Rc1 Rg6 17. Rc7 Bb4 18. a3 Bd6 19. Bxd6 Qxd6 20.
Rxa7 Rh6 21. Ra8 Qd7 22. h4 Qh3 23. Qc1 Bg4 24. Rxf8+ Kxf8 25. Qc5+ Kg8 26.
Qxd5 g6 27. Qg2 Qxg2+ 28. Kxg2 Be6 29. Nc5 Bd5+ 30. f3 g5 31. hxg5 Rg6 32.
Kf2 Rxg5 33. Re1 Rh5 34. Re5 Rxe5 35. dxe5 Kf8 36. f4 Ke7 37. Ke3 f6 38. Kd4
Bc4 39. b3 fxe5+ 40. Kxe5 Be2 41. a4 h5 42. axb5 Bxb5 43. b4 Be2 44. Ne4 Kd7
45. Nf6+ Kc7 46. Ne4 Kb6 47. Nc3 Bf3 48. f5 Kc6 49. f6 Kd7 50. b5 Ke8 51. b6
Kf7 52. Kf4 Bb7 53. Kg5 Bf3 54. Nb5 Bg2 55. Nd6+ Kf8 56. b7 Bxb7 57. Nxb7 h4
58. Nd6 hxg3 59. Ne4 g2 60. Nc5 g1=Q+ 61. Kf5 Qf2+ 62. Ke6 Qxf6+ 63. Kxf6
{Game drawn because neither player has mating material}
1/2-1/2

[Event "ICC Open 2015"]
[Site "Internet Chess Club"]
[Date "2015.05.30"]
[Round "6"]
[White "DrSteelHammer"]
[Black "UzbekTiger"]
[Result "0-1"]
[ICCResult "White checkmated"]
[WhiteElo "3129"]
[BlackElo "2804"]
[Opening "King's Indian: East Indian defense"]
[ECO "A48"]
[NIC "QP.06"]
[Time "15:03:38"]
[TimeControl "180+0"]

1. d4 Nf6 2. Nf3 g6 3. e3 Bg7 4. Be2 O-O 5. O-O d6 6. c4 Nbd7 7. Nc3 e5 8.
b4 Re8 9. Bb2 e4 10. Nd2 Nf8 11. Qc2 Qe7 12. Rfc1 h5 13. Qd1 N8h7 14. b5 h4
15. h3 Ng5 16. Bf1 c6 17. bxc6 bxc6 18. Rab1 Bf5 19. Ba3 Qd7 20. Ne2 Nh5 21.
Rb3 Rab8 22. Rcb1 Rxb3 23. Rxb3 d5 24. cxd5 cxd5 25. Nc3 Rc8 26. Bc5 Rxc5
27. dxc5 d4 28. exd4 Bxd4 29. Nc4 Nf4 30. Ne3 Nfxh3+ 31. gxh3 Nf3+ 32. Qxf3
exf3 33. Ncd5 Kg7 34. Bb5 Qd8 35. Bf1 Qg5+ 36. Kh1 Bxc5 37. Rc3 Bd4 38. Rc4
Be5 39. Rc5 Be6 40. Rc4 Bd6 41. Rd4 Qe5 42. Rf4 Bxd5 43. Nxd5 Qxd5 44. Rg4
Qe5 45. Rg2 fxg2+ 46. Kxg2 Qf4 47. Be2 Bc5 48. Bf3 a5 49. a4 g5 50. Kh1
Qxf3+ 51. Kh2 Qxf2+ 52. Kh1 Qg1# {White checkmated} 0-1

[Event "ICC Open 2015"]
[Site "Internet Chess Club"]
[Date "2015.05.30"]
[Round "6"]
[White "Much-Acclaimed"]
[Black "fviana"]
[Result "0-1"]
[ICCResult "White forfeits on time"]
[WhiteElo "1950"]
[BlackElo "2319"]
[Opening "English: symmetrical variation"]
[ECO "A30"]
[NIC "EO.64"]
[Time "15:02:35"]
[TimeControl "180+0"]

1. c4 c5 2. g3 g6 3. Bg2 Bg7 4. Nf3 Nh6 5. O-O O-O 6. d4 cxd4 7. Nxd4 Nc6 8.
Nc2 d6 9. Nc3 Nf5 10. h3 Be6 11. Nd5 Rc8 12. Rb1 Ncd4 13. Nxd4 Nxd4 14. b3
Qd7 15. Kh2 b5 16. e3 Nf5 17. cxb5 Bxd5 18. Bxd5 Qxb5 19. Bb2 Bxb2 20. Rxb2
e6 21. Bg2 d5 22. Rd2 Rc3 23. e4 dxe4 24. Bxe4 h5 25. Rd3 Rxd3 26. Qxd3 Qb6
27. g4 hxg4 28. hxg4 Nd6 29. Bxg6 Kg7 30. Bh5 Qc7 31. Qd4+ f6 32. Kg1 e5 33.
Qd3 f5 34. gxf5 Nxf5 35. Rd1 Kf6 36. Bg4 Nd4 37. Qe4 Rg8 38. Kf1 Qc2 39. Re1
Qxe4 40. Rxe4 Rh8 41. Kg2 Rg8 42. Kg3 Ne6 43. f4 Nxf4 {White forfeits on
time} 0-1

[Event "ICC Open 2015"]
[Site "Internet Chess Club"]
[Date "2015.05.30"]
[Round "6"]
[White "Chaos23"]
[Black "Radja"]
[Result "1-0"]
[ICCResult "Black forfeits on time"]
[WhiteElo "2064"]
[BlackElo "2397"]
[Opening "Réti opening"]
[ECO "A04"]
[NIC "QP.10"]
[Time "15:03:57"]
[TimeControl "180+0"]

1. Nf3 c5 2. g3 Nc6 3. d4 cxd4 4. Nxd4 g6 5. c4 Bg7 6. Nb3 Nh6 7. Nc3 O-O 8.
Bg2 d6 9. O-O Nf5 10. e4 Nfd4 11. Nxd4 Nxd4 12. Be3 Ne6 13. f4 Bd7 14. f5
Nc5 15. Rc1 Rc8 16. b4 Na6 17. b5 Nc5 18. Nd5 Re8 19. Bd4 f6 20. fxg6 hxg6
21. Nf4 Kf7 22. Ba1 Ne6 23. Nxg6 Kxg6 24. e5 f5 25. Qf3 Ng5 26. Qd3 Qb6+ 27.
Kh1 Rh8 28. Bd4 Qc7 29. g4 e6 30. Be3 Nf7 31. Rf3 Bxe5 32. Rh3 Rxh3 33. Bxh3
Rh8 34. gxf5+ exf5 35. Rg1+ Kf6 36. Bf2 Bc6+ 37. bxc6 Qxc6+ 38. Qd5
{Black forfeits on time}
1-0